 Dungeon Crawl Stone Soup version 0.21-a0-140-g479285b (webtiles) character file.

654 kuniqs the Sneak (level 7, -2/50 HPs)
             Began as a Demigod Fire Elementalist on July 20, 2017.
             Killed by divine providence
             ... invoked by an orc priest
              (13 damage)
             ... on level 5 of the Dungeon.
             The game lasted 00:07:11 (5291 turns).

kuniqs the Sneak (Demigod Fire Elementalist)        Turns: 5291, Time: 00:07:12

Health: -2/50      AC:  4    Str: 11    XL:     7   Next: 7%
Magic:  2/14       EV: 12    Int: 23    God:
Gold:   331        SH:  0    Dex: 16    Spells: 2/12 levels left

rFire    . . .     SeeInvis .   y - +1 dagger (drain)
rCold    . . .     Gourm    .   (no shield)
rNeg     . . .     Faith    .   a - +0 robe
rPois    .         Spirit   .   o - +0 helmet (curse)
rElec    .         Reflect  .   h - +0 cloak
rCorr    .         Harm     .   (no gloves)
MR       .....                  (no boots)
Stlth    +++.......             (no amulet)
HPRegen  0.16/turn              p - ring of loudness (curse)
MPRegen  0.14/turn              u - ring of stealth

@: very slightly contaminated
A: high mp 1
a: no special abilities


You were on level 5 of the Dungeon.
You were very hungry.

You visited 1 branch of the dungeon, and saw 5 of its levels.

You collected 331 gold pieces.

Inventory:

Hand Weapons
 y - a +1 dagger of draining (weapon)
Armour
 a - a +0 robe (worn)
 h - a +0 cloak (worn)
 o - a cursed +0 helmet (worn)
Jewellery
 p - a cursed ring of loudness (left hand)
 u - a ring of stealth (right hand)
Wands
 l - a wand of digging (10/24)
Scrolls
 g - 5 scrolls of identify {unknown}
 m - a scroll of immolation {unknown}
 n - a scroll of enchant weapon {unknown}
 r - a scroll of enchant armour {unknown}
 s - a scroll of remove curse {unknown}
 t - a scroll of recharging {unknown}
 v - a scroll of noise {unknown}
 x - a scroll of amnesia {unknown}
 z - a scroll of fog {unknown}
Potions
 c - a potion of invisibility {unknown}
 i - a potion of brilliance {unknown}
 j - 2 potions of magic {unknown}
 q - a potion of lignification {unknown}
 w - a potion of agility {unknown}
Books
 b - a book of Flames

   Spells                             Type                      Level
   a - Flame Tongue                   Conjuration/Fire             1
   b - Throw Flame                    Conjuration/Fire             2
   c - Conjure Flame                  Conjuration/Fire             3
   d - Inner Flame                    Hexes/Fire                   3
   e - Sticky Flame                   Conjuration/Fire             4
   f - Fireball                       Conjuration/Fire             5
Comestibles
 d - 4 bread rations
 e - 2 meat rations
 f - 4 fruits


   Skills:
 - Level 1.7 Dodging
 + Level 4.7 Stealth
 - Level 3.0 Spellcasting
 + Level 3.9 Conjurations
 + Level 4.4 Fire Magic


You had 2 spell levels left.
You knew the following spells:

 Your Spells              Type           Power        Failure   Level  Hunger
a - Flame Tongue          Conj/Fire      ###..        1%          1    None
b - Throw Flame           Conj/Fire      ###...       3%          2    ##.....
c - Conjure Flame         Conj/Fire      ###.....     6%          3    ###....
d - Sticky Flame          Conj/Fire      ###.....     21%         4    ####...


Dungeon Overview and Level Annotations

Branches:
Dungeon (5/15)
 Temple: D:4-7


Innate Abilities, Weirdness & Mutations

You have an increased reservoir of magic. (+10% MP)


Message History

Beogh smites you!
* * * LOW HITPOINT WARNING * * *
Aim: an orc priest, wearing a leather armour The flame tongue hits the orc priest.
The orc priest calls upon Beogh to heal the orc priest.
The orc priest is healed somewhat.
Aim: an orc priest, wearing a leather armour (lightly wounded)
The flame tongue hits the orc priest.
The orc priest appears unharmed.
The orc priest hits you but does no damage.
Aim: an orc priest, wearing a leather armour (lightly wounded)
The flame tongue misses the orc priest.
The flame tongue hits the orc priest.
The orc priest appears unharmed.
You are feeling very hungry.
The orc priest hits you.
* * * LOW HITPOINT WARNING * * *
Aim: an orc priest, wearing a leather armour (lightly wounded)
The flame tongue misses the orc priest.
The flame tongue hits the orc priest.
The orc priest calls down the wrath of Beogh upon you.
Beogh smites you!
You die...

#.........##
#.....[o<...
#..........(
#.>.........
#.#.........
#.#.........
#####'##.)...#..
#########............###
#......@oo...........#
#.#######.......[....#
#.# #............# #.#
#............# #.#
###............### #.#
#..............#.. #.#
#.........#....#.. #.#
#....)....#....#.. #.#
#.........#....#..


You could see 2 orc priests.

Vanquished Creatures
  A phantom (D:4)
  A bullfrog (D:3)
  2 scorpions
  A howler monkey (D:4)
  A bullfrog zombie (D:5)
  A hound (D:4)
  Crazy Yiuf (D:2)
  An orc priest (D:5)
  A worker ant (D:4)
  Robin (D:4)
  4 adders
  3 gnolls (D:5)
  A shadow imp (D:5)
  An ooze (D:1)
  3 worms
  10 dart slugs
  6 leopard geckos
  8 orcs
  4 giant cockroaches
  8 goblins
  9 hobgoblins
  15 jackals
  4 kobolds
  A quokka (D:2)
  2 ball pythons
  7 bats
  2 frilled lizards
  A leopard gecko skeleton (D:3)
  A quokka skeleton (D:4)
  12 rats
113 creatures vanquished.

Notes
Turn   | Place    | Note
-------+----------+-------------------------------------------
     0 | D:1      | kuniqs the Demigod Fire Elementalist began the quest for the Orb.
     0 | D:1      | Reached XP level 1. HP: 14/14 MP: 5/5
    82 | D:1      | Reached skill level 1 in Conjurations
   371 | D:1      | Reached XP level 2. HP: 20/20 MP: 1/7
   447 | D:1      | Learned a level 2 spell: Throw Flame
   986 | D:2      | Reached XP level 3. HP: 26/26 MP: 1/8
   991 | D:2      | Learned a level 3 spell: Conjure Flame
  1075 | D:2      | Found a runed door.
  1079 | D:2      | Noticed Crazy Yiuf
  1086 | D:2      | Killed Crazy Yiuf
  1372 | D:2      | You fall through a shaft!
  1596 | D:3      | Found a sparkling altar of Nemelex Xobeh.
  1885 | D:2      | Reached XP level 4. HP: 33/33 MP: 7/10
  2596 | D:3      | Found a hazy altar of Hepliaklqana.
  2753 | D:3      | Noticed a bullfrog
  2767 | D:3      | Killed a bullfrog
  2767 | D:3      | Reached XP level 5. HP: 18/38 MP: 1/12
  2875 | D:3      | Found a shimmering altar of Xom.
  2878 | D:3      | Noticed an angel
  2882 | D:3      | Found a glowing silver altar of Zin.
  3977 | D:4      | Noticed a phantom
  3995 | D:4      | Killed a phantom
  3995 | D:4      | Reached XP level 6. HP: 26/45 MP: 4/13
  4136 | D:4      | Noticed Robin
  4157 | D:4      | Killed Robin
  4804 | D:5      | Entered Level 5 of the Dungeon
  4812 | D:5      | Learned a level 4 spell: Sticky Flame
  5039 | D:5      | Reached XP level 7. HP: 50/50 MP: 1/14
  5291 | D:5      | Killed from afar by an orc priest

Vault maps used:
D:1:      sevenhm_arrival_forest_fort_large_2
D:2:      first_bread, uniq_crazy_yiuf_cottage
D:3:      marbit_many_paths, grunt_temple_overflow_order_and_chaos_1,
          grunt_decor_resistance, nemelex_diamond_rough_becter
D:4:      kennysheep_slugbush, uniq_robin
D:5:      old_standard_altar, grunt_dithmenos_shadows, kennysheep_mini

Skill      XL: |  1  2  3  4  5  6 |
---------------+-------------------+-----
Conjurations   | 1 2 3 |  3.9
Stealth        | 2 3 4 |  4.7
Spellcasting   | 2 3 |  3.0
Fire Magic     | 3 4 |  4.4
Dodging        | |  1.7

Action                   |  1- 3 |  4- 6 |  7- 9 || total
-------------------------+-------+-------+-------++-------
Melee: Unarmed           |     4 |       |       ||     4
       Dagger            |     1 |    12 |     1 ||    14
 Cast: Flame Tongue      |    68 |   133 |     5 ||   206
       Throw Flame       |     1 |    29 |     6 ||    36
       Conjure Flame     |     1 |       |       ||     1
  Eat: Chunk             |     2 |    10 |       ||    12
       Royal jelly       |       |     1 |       ||     1
Armor: Robe              |     2 |    13 |     1 ||    16
Dodge: Dodged            |    11 |    57 |       ||    68
